 Dungeon Crawl Stone Soup version 0.19.1-1-g22dce08 (webtiles) character file.

42789 Miyamura the Fighter (level 13, -13/104 HPs)
             Began as a White Draconian Transmuter on Dec 28, 2016.
             Was a High Priest of Vehumet.
             Killed from afar by a ball python (30 damage)
             ... with an exploding inner flame
             ... transmuted by the player character
             ... hexed by the player character
             ... on level 2 of the Orcish Mines on Jan 8, 2017.
             The game lasted 01:29:46 (33122 turns).

Miyamura the Fighter (White Draconian Transmuter)  Turns: 33122, Time: 01:29:47

Health: -13/104    AC: 10    Str:  8 (13) XL:     13   Next: 87%
Magic:  22/35      EV: 16    Int:  9 (15) God:    Vehumet [*****.]
Gold:   1318       SH:  9    Dex: 10 (15) Spells: 4 memorised, 20 levels left

rFire  . . .     SeeInvis .     j - +0 scimitar (flame)
rCold  + . .     Gourm    .     (armour unavailable)
rNeg   . . .     Faith    .     y - +2 buckler
rPois  .         Spirit   .     (helmet restricted)
rElec  .         Reflect  +     I - +0 cloak
rCorr  .         Harm     .     D - +0 pair of gloves
MR     .....                    (no boots)
Stlth  ++........               n - +3 amulet of reflection
                                (no ring)
                                r - ring of magical power

@: no status effects
A: breathe frost, unfitting armour, hooves 1, blink, cold resistance 1,
deterioration 1, frail 1, cold-blooded, AC +8
a: Breathe Frost, Blink, Renounce Religion


You were on level 2 of the Orcish Mines.
You worshipped Vehumet.
Vehumet was extremely pleased with you.
You were not hungry.

You visited 4 branches of the dungeon, and saw 19 of its levels.
You also visited: Sewer.

You collected 1599 gold pieces.
You spent 281 gold pieces at shops.

Inventory:

Hand Weapons
 j - a +0 scimitar of flaming (weapon)
 u - the +7 scimitar of Duty {venom, +Fly rPois}
   (You found it on level 6 of the Dungeon)

   It poisons the flesh of those it strikes.
   It protects you from poison.
   It lets you fly.
Missiles
 a - 146 arrows
 w - 7 curare-tipped needles
Armour
 y - a +2 buckler (worn)
 D - a +0 pair of gloves (worn)
 I - a +0 cloak (worn)
Jewellery
 n - a +3 amulet of reflection (around neck)
 r - a ring of magical power (left hand)
 A - an uncursed ring of fire
Wands
 e - a wand of digging (19/24)
 k - a wand of acid (4/15)
 o - a wand of confusion (24/48)
 q - a wand of teleportation (1/9)
 F - a wand of lightning (7/15)
 N - a wand of confusion (5/48)
 R - a wand of random effects (32/48)
Scrolls
 g - 2 scrolls of fog
 h - 3 scrolls of amnesia
 l - 2 scrolls of teleportation
 m - 4 scrolls of enchant armour
 p - 3 scrolls of enchant weapon
 v - 4 scrolls of remove curse
 x - 2 scrolls of blinking
Potions
 z - 6 potions of flight
 C - 2 potions of magic
 G - 2 potions of brilliance
 H - a potion of lignification
Books
 b - a book of Changes

   Spells                             Type                      Level
   a - Beastly Appendage              Transmutation                1
   b - Sticks to Snakes               Transmutation                2
   c - Spider Form                    Transmutation/Poison         3
   d - Ice Form                       Ice/Transmutation            4
   e - Blade Hands                    Transmutation                5
 O - a book of the Tempests

   Spells                             Type                      Level
   a - Static Discharge               Conjuration/Air              3
   b - Lightning Bolt                 Conjuration/Air              5
   c - Fireball                       Conjuration/Fire             5
   d - Tornado                        Air                          9
   e - Shatter                        Earth                        9
 P - a Young Poisoner's Handbook

   Spells                             Type                      Level
   a - Sting                          Conjuration/Poison           1
   b - Mephitic Cloud                 Conjuration/Poison/Air       3
   c - Olgreb's Toxic Radiance        Poison                       4
   d - Alistair's Intoxication        Transmutation/Poison         5
   e - Venom Bolt                     Conjuration/Poison           5
 Q - a Fen Folio

   Spells                             Type                      Level
   a - Corpse Rot                     Necromancy                   2
   b - Stone Arrow                    Conjuration/Earth            3
   c - Leda's Liquefaction            Hexes/Earth                  4
   d - Summon Forest                  Summoning/Translocation      5
   e - Hydra Form                     Transmutation                6
   f - Summon Hydra                   Summoning                    7
Comestibles
 c - 12 bread rations
 s - 6 meat rations
 M - 14 fruits


   Skills:
 - Level 11.0 Fighting
   Level 3.1(6.7) Short Blades
 - Level 9.3(9.6) Long Blades
 - Level 9.5 Dodging
 - Level 3.6 Stealth
 - Level 4.2 Shields
 + Level 8.5 Unarmed Combat
 - Level 9.5 Spellcasting
 - Level 10.6 Transmutations


You had 20 spell levels left.
You knew the following spells:

 Your Spells              Type           Power        Failure   Level  Hunger
a - Beastly Appendage     Tmut           ###...       1%          1    None
b - Blade Hands           Tmut           ###.......   6%          5    ######.
i - Ignite Poison         Fire/Tmut/Pois ##......     4%          3    ###....
t - Sticks to Snakes      Tmut           ###.....     1%          2    #......


Dungeon Overview and Level Annotations

Branches:
Dungeon (10/15)            Temple (1/1) D:4            Lair (6/6) D:9
  Swamp (0/4) Lair:3        Snake (0/4) Lair:2          Orc (2/2) D:9
    Elf (0/3) Orc:2
  Slime: Lair:5-6

Altars:
Ashenzari
Cheibriados
Dithmenos
Elyvilon
Fedhas
Gozag
Hepliaklqana
Kikubaaqudgha
Makhleb
Nemelex Xobeh
Okawaru
Qazlal
Ru
Sif Muna
Trog
Uskayaw
Vehumet
Xom
Yredelemnul
Zin
The Shining One
Beogh

Shops:
D:4 }   D:5 (   D:6 (**(*   D:7 (   D:8 (:=   D:9 (*   Orc:2 **(

Annotations:
D:5 Menkaure
Lair:1 exclusion: oklob plant
Orc:2 Saint Roka
Abyss:1 Ijyb


Innate Abilities, Weirdness & Mutations

You can breathe waves of freezing cold.
You can buffet flying creatures when you breathe cold.
Your icy white scales are hard. (AC +8)
You cannot fit into any form of body armour.
Your flesh is cold resistant. (rC+)
You are cold-blooded and may be slowed by cold attacks.
You have large cloven feet.
You can translocate small distances at will.
Your body sometimes deteriorates upon taking damage.
You are frail. (-10% HP)


Message History

As you read the scroll of immolation, it crumbles to dust.
The creatures around you are filled with an inner flame!
Your ball python closely misses Saint Roka.
Your ball python grabs Saint Roka.
Your ball python constricts Saint Roka.
Your ball python bites Saint Roka but does no damage.
Your ball python is engulfed in roaring flames.
Your ball python explodes!
The fiery explosion engulfs your ball python.
Your ball python explodes!
The fiery explosion engulfs you!
Your body deteriorates!
You feel clumsy.
The fiery explosion engulfs your ball python.
Your ball python explodes!
The fiery explosion engulfs your ball python.
Your ball python explodes!
The fiery explosion engulfs you!
* * * LOW HITPOINT WARNING * * *
The fiery explosion engulfs you!
You die...

##...####...###∩.####..)..#### #
......#.#....##...###8...8# #
..............##...##.....## #
.........#.....##...#.....#. #.
###[.).........###...........# #.
..[#.#........#####.........#####
[.###......)...8§§............8..
####...).......§§§S..§§§.........
# ##....#...[.§@§o.§§§§.........
# #............§§§§§§§§.........
##.##.......8§§§§§§§§......8..
#####.....#####§.S.§....#####
##.....# #.....o.....###. ##.#..#
..#.....#.†.##. ######
.##.....##o..## ## .#
#8...8###...# .## #.....####.∩#


You could see Saint Roka (inner flame), an orc wizard (inner flame) and 2
friendly ball pythons.

Vanquished Creatures
  An orc warlord (D:9)
  The ghost of galech the Protected, a journeyman DDFi of Makhleb (Lair:2)
  6 hydras
  Erica (D:9)
  An orc high priest (Orc:2)
  2 death yaks
  Urug (Lair:4)
  Sonja (Lair:1)
  Nergalle (Lair:2)
  6 orc knights
  3 orc sorcerers
  7 black mambas
  An elephant (Lair:6)
  Psyche (D:9)
  7 spiny frogs
  A komodo dragon (Lair:4)
  3 polar bears
  6 trolls
  2 tyrant leeches (Lair:3)
  4 blink frogs (Lair:3)
  A two-headed ogre (D:8)
  7 dream sheep (Lair:4)
  6 hippogriffs
  Sigmund (D:5)
  Eustachio (D:4)
  A wyvern (D:6)
  A water elemental (Orc:2)
  A basilisk (Lair:1)
  14 yaks
  Grum (Lair:1)
  2 vampire mosquitoes (Lair:4)
  A swamp worm (Lair:3)
  Edmund (D:5)
  3 wargs
  2 insubstantial wisps (Lair:4)
  9 porcupines
  2 hell hounds (D:9)
  17 water moccasins
  2 black bears
  32 orc warriors
  A sky beast (D:7)
  2 ice beasts
  2 necrophages
  9 ogres
  8 wolves
  3 centaurs
  Blork the orc (D:4)
  11 crocodiles
  A big kobold (D:9)
  13 bullfrogs
  2 scorpions (D:5)
  3 wights (D:8)
  3 electric eels
  2 howler monkeys
  A centaur zombie (D:6)
  5 crimson imps
  A bullfrog zombie (D:8)
  A jelly (D:5)
  5 hounds
  22 orc priests
  25 orc wizards
  3 iguanas
  Natasha (D:3)
  5 hell rats (Lair:5)
  4 worker ants
  A hound skeleton (D:7)
  3 gnolls
  A howler monkey skeleton (D:6)
  16 adders
  3 shadow imps
  5 oozes
  5 worms
  4 dart slugs
  10 leopard geckos
  69 orcs
  6 ball pythons
  18 bats
  10 giant cockroaches
  5 goblins
  5 hobgoblins
  18 jackals
  18 kobolds
  5 quokkas
  3 frilled lizards
  A jackal zombie (D:7)
  A leopard gecko skeleton (D:4)
  A quokka skeleton (D:4)
  A quokka zombie (D:7)
  9 rats
513 creatures vanquished.

Vanquished Creatures (collateral kills)
  3 hydras
3 creatures vanquished.

Vanquished Creatures (others)
  A phantom (D:4)
  A scorpion (D:4)
  A jelly (D:6)
  An orc priest (D:5)
  A worker ant (D:4)
  A hound skeleton (D:4)
  An ooze (D:3)
  An adder zombie (D:5)
  A hobgoblin (D:2)
  2 jackals
  A kobold (D:2)
  6 fungi
  6 plants
24 creatures vanquished.

Grand Total: 540 creatures vanquished

Notes
Turn   | Place    | Note
-------+----------+-------------------------------------------
     0 | D:1      | Miyamura the Draconian Transmuter began the quest for the Orb.
     0 | D:1      | Reached XP level 1. HP: 16/16 MP: 3/3
   374 | D:1      | Reached XP level 2. HP: 23/23 MP: 5/5
   381 | D:1      | Learned a level 2 spell: Sticks to Snakes
  1139 | D:2      | Reached skill level 1 in Stealth
  1186 | D:2      | Reached XP level 3. HP: 28/28 MP: 6/6
  1264 | D:2      | Found a hide-covered altar of Uskayaw.
  1792 | D:2      | Reached XP level 4. HP: 34/36 MP: 7/7
  2288 | D:3      | Found a glowing drain.
  2306 | Sewer    | Entered a sewer
  2855 | Sewer    | Reached XP level 5. HP: 35/41 MP: 6/8
  3207 | D:3      | Reached skill level 2 in Fighting
  3311 | D:3      | Noticed Ijyb
  3334 | D:3      | Banished Ijyb
  3334 | D:3      | Reached skill level 1 in Shields
  3571 | D:3      | Found a shimmering altar of Xom.
  3571 | D:3      | Noticed Natasha
  3588 | D:3      | Found a shadowy altar of Dithmenos.
  3588 | D:3      | Found an iron altar of Okawaru.
  3604 | D:3      | Killed Natasha
  3614 | D:3      | Found a deep blue altar of Sif Muna.
  3614 | D:3      | Found a stormy altar of Qazlal.
  3614 | D:3      | Found a glowing silver altar of Zin.
  3845 | D:4      | Reached XP level 6. HP: 48/48 MP: 9/9
  3852 | D:4      | Noticed Eustachio
  4022 | D:4      | Killed Eustachio
  4110 | D:4      | Noticed Blork the orc
  4204 | D:4      | Killed Blork the orc
  4204 | D:4      | Reached skill level 1 in Short Blades
  4204 | D:4      | Your scales start taking on an icy white colour.
  4204 | D:4      | Reached XP level 7. HP: 41/56 MP: 11/11
  4204 | D:4      | Gained mutation: Your flesh is cold resistant. (rC+) [White Draconian growth]
  4316 | D:4      | Found Nycos's Gadget Shop.
  4392 | D:4      | Found a staircase to the Ecumenical Temple.
  4418 | Temple   | Entered the Ecumenical Temple
  4650 | Temple   | Became a worshipper of Vehumet
  5263 | D:5      | Entered Level 5 of the Dungeon
  5328 | D:5      | Noticed Edmund
  5349 | D:5      | Killed Edmund
  5349 | D:5      | Reached skill level 3 in Fighting
  5444 | D:5      | Reached XP level 8. HP: 51/63 MP: 13/13
  5564 | D:5      | Noticed Sigmund
  5586 | D:5      | Killed Sigmund
  5779 | D:5      | Noticed Menkaure
  6062 | D:5      | Found Vejots's Weapon Shop.
  6175 | D:5      | Reached * piety under Vehumet
  6175 | D:5      | Offered knowledge of Magic Dart by Vehumet.
  6254 | D:5      | Found a shattered altar of Ashenzari.
  6256 | D:5      | Found a stormy altar of Qazlal.
  6399 | D:5      | Found a blossoming altar of Fedhas.
  6400 | D:5      | Found a snail-covered altar of Cheibriados.
  6593 | D:6      | Found Uklilan's Antique Weapon Shoppe.
  6625 | D:6      | Found Likeibem's Assorted Antiques.
  6633 | D:6      | Bought a scroll labeled ATOTOA QEPPES for 24 gold pieces
  6633 | D:6      | Bought a sedimented yellow potion for 21 gold pieces
  6633 | D:6      | Bought 2 sedimented ruby potions for 43 gold pieces
  6633 | D:6      | Bought a lumpy emerald potion for 21 gold pieces
  6635 | D:6      | Gained mutation: You can translocate small distances at will. [potion of mutation]
  6635 | D:6      | Gained mutation: You are frail. (-10% HP) [potion of mutation]
  6635 | D:6      | Gained mutation: You have large cloven feet. [potion of mutation]
  6636 | D:6      | Gained mutation: You possess an exceptional clarity of mind. [potion of mutation]
  6636 | D:6      | Gained mutation: You are very frail. (-20% HP) [potion of mutation]
  6636 | D:6      | Gained mutation: Your spells are a little harder to cast, but a little more powerful. [potion of mutation]
  6722 | D:6      | Found Ujueneol's Assorted Antiques.
  6725 | D:6      | Bought a scroll labeled ENTAYD ARGHEU for 32 gold pieces
  6725 | D:6      | Bought a scroll labeled TOIFIF AGUTH for 32 gold pieces
  6739 | D:6      | Noticed a moth of wrath
  6742 | D:6      | Found a bloodstained altar of Trog.
  6790 | D:6      | Got a bloodstained scimitar
  6791 | D:6      | Identified the +7 scimitar of Duty {venom, +Fly rPois} (You found it on level 6 of the Dungeon)
  6808 | D:6      | Found a shadowy altar of Dithmenos.
  6844 | D:6      | Reached skill level 4 in Fighting
  6849 | D:6      | Found a burning altar of Makhleb.
  6928 | D:6      | Gained mutation: Your body sometimes deteriorates upon taking damage. [mutagenic glow]
  7143 | D:6      | Found Uwnixt's General Store.
  7150 | D:6      | Bought a scroll of identify for 24 gold pieces
  7150 | D:6      | Bought a scroll of immolation for 42 gold pieces
  7192 | D:6      | Reached skill level 1 in Long Blades
  7397 | D:6      | Found Vyutuest's Weapon Emporium.
  7717 | D:7      | Reached XP level 9. HP: 57/57 MP: 15/15
  7777 | D:7      | Lost mutation: Your spells are a little harder to cast, but a little more powerful. [mutagenic meat]
  7911 | D:7      | Reached skill level 5 in Transmutations
  8133 | D:7      | Found Xaorullu's Antique Weapon Boutique.
  8154 | D:7      | Reached skill level 5 in Fighting
  8304 | D:7      | Found a glowing golden altar of the Shining One.
  8370 | D:7      | Found a white marble altar of Elyvilon.
  8556 | D:8      | Found Immir's Jewellery Emporium.
  8712 | D:8      | Reached skill level 5 in Dodging
  8712 | D:8      | Reached skill level 5 in Spellcasting
  9010 | D:8      | Offered knowledge of Sting by Vehumet.
  9013 | D:8      | Reached ** piety under Vehumet
  9148 | D:8      | Found Lefity's Antique Weapon Shop.
  9161 | D:8      | Found Teng's Book Boutique.
  9408 | D:8      | Reached skill level 6 in Fighting
  9604 | D:9      | Found a staircase to the Orcish Mines.
  9723 | D:9      | Noticed Psyche
  9879 | D:9      | Killed Psyche
  9879 | D:9      | Reached XP level 10. HP: 61/66 MP: 18/18
 10363 | D:9      | Found a staircase to the Lair.
 10375 | D:9      | Offered knowledge of Ignite Poison by Vehumet.
 10626 | D:9      | Found Vafeuqeh's General Store.
 10633 | D:9      | Reached skill level 5 in Long Blades
 10763 | D:9      | Found a roughly hewn altar of Beogh.
 10962 | D:9      | Found Huhaca's Weapon Emporium.
 11010 | D:9      | Noticed Erica
 11090 | D:9      | Killed Erica
 11090 | D:9      | Reached skill level 7 in Fighting
 11374 | D:10     | Entered Level 10 of the Dungeon
 11394 | Lair:1   | Entered Level 1 of the Lair of Beasts
 11418 | D:9      | Reached *** piety under Vehumet
 11775 | Lair:1   | Lost mutation: You are very frail. (-20% HP) [potion of mutation]
 11775 | Lair:1   | Lost mutation: You possess an exceptional clarity of mind. [potion of mutation]
 11851 | Lair:1   | Learned a level 3 spell: Ignite Poison
 11936 | Lair:1   | Noticed Grum
 12233 | Lair:1   | Killed Grum
 12389 | Lair:1   | Noticed a spiny frog
 12398 | Lair:1   | Killed a spiny frog
 12398 | Lair:1   | Reached XP level 11. HP: 49/82 MP: 21/21
 12547 | Lair:1   | Noticed Sonja
 12567 | Lair:1   | Killed Sonja
 12881 | Lair:1   | Offered knowledge of Fulminant Prism by Vehumet.
 13025 | Lair:1   | Noticed a four-headed hydra
 13035 | Lair:1   | Killed a one-headed hydra
 13061 | Lair:1   | Noticed an oklob plant
 13187 | Lair:1   | Reached skill level 8 in Fighting
 13404 | Lair:2   | Noticed Nergalle
 14414 | Lair:2   | Noticed galech's ghost (journeyman DDFi)
 14980 | Lair:2   | Killed galech's ghost
 15415 | Lair:2   | Killed Nergalle
 15415 | Lair:2   | Reached **** piety under Vehumet
 15664 | Lair:2   | Found a staircase to the Snake Pit.
 16053 | Lair:3   | Noticed a four-headed hydra
 16071 | Lair:2   | Reached skill level 9 in Fighting
 16226 | Lair:2   | Noticed a four-headed hydra
 16242 | Lair:2   | Killed a one-headed hydra
 16242 | Lair:2   | Reached XP level 12. HP: 76/93 MP: 22/24
 16313 | Lair:3   | Noticed an eight-headed hydra
 16325 | Lair:2   | Killed a three-headed hydra
 16583 | Lair:3   | Offered knowledge of Airstrike by Vehumet.
 16740 | Lair:3   | Killed a one-headed hydra
 16937 | Lair:3   | Identified a scroll of acquirement
 17162 | Lair:3   | HP: 3/94 [tyrant leech (25)]
 18138 | Lair:3   | Found a staircase to the Swamp.
 18754 | Lair:4   | Noticed a six-headed hydra
 18756 | Lair:4   | Noticed Urug
 19486 | Lair:4   | Reached skill level 10 in Fighting
 19548 | Lair:4   | Killed Urug
 19963 | Lair:4   | Noticed a six-headed hydra
 19976 | Lair:4   | Killed a two-headed hydra
 20455 | Lair:4   | Reached skill level 10 in Transmutations
 21158 | Lair:5   | Noticed a seven-headed hydra
 21182 | Lair:5   | Killed a three-headed hydra
 21183 | Lair:5   | Reached ***** piety under Vehumet
 21183 | Lair:5   | Offered knowledge of Bolt of Magma by Vehumet.
 21443 | Lair:5   | Noticed a six-headed hydra
 21459 | Lair:5   | Killed a two-headed hydra
 21790 | Lair:5   | Noticed a death yak
 21792 | Lair:5   | Noticed a death yak
 21792 | Lair:5   | Noticed a death yak
 21793 | Lair:5   | Noticed a death yak
 21794 | Lair:5   | Noticed a death yak
 21795 | Lair:5   | Noticed a death yak
 21848 | Lair:4   | Killed a death yak
 21848 | Lair:4   | Reached XP level 13. HP: 51/102 MP: 26/26
 22523 | Lair:5   | You fall through a shaft!
 22523 | Lair:6   | Entered Level 6 of the Lair of Beasts
 23540 | Orc:1    | Entered Level 1 of the Orcish Mines
 23904 | Orc:1    | Noticed an orc warlord
 25000 | D:9      | Killed an orc warlord
 25578 | Orc:1    | Learned a level 5 spell: Blade Hands
 25594 | Orc:2    | Entered Level 2 of the Orcish Mines
 25611 | Orc:1    | Reached skill level 11 in Fighting
 26102 | Orc:2    | Found Fillucwu's General Store.
 26146 | Orc:2    | Bought a scroll of teleportation for 42 gold pieces
 26505 | D:9      | Reached skill level 5 in Unarmed Combat
 28524 | Orc:2    | Noticed Saint Roka
 28900 | Orc:2    | HP: 4/104 [orc knight/glaive (25)]
 30400 | Orc:2    | Found a roughly hewn altar of Beogh.
 32454 | Orc:2    | Found a staircase to the Elven Halls.
 32525 | Orc:2    | Found Neall's Antique Weapon Shoppe.
 33102 | Orc:2    | Found Wyodi's General Store.
 33122 | Orc:2    | Killed from afar by a ball python

Skill      XL: |  1  2  3  4  5  6  7  8  9 10 11 12 13 |
---------------+----------------------------------------+-----
Stealth        | 1 2 3 |  3.6
Dodging        | 2 3 4 5 6 7 9 |  9.5
Fighting       | 2 3 4 6 7 9 10 11 | 11.0
Shields        | 2 4 |  4.2
Transmutations | 3 4 6 7 9 10 | 10.6
Short Blades   | 1 2 3 |  3.1
Spellcasting   | 3 4 5 6 8 9 |  9.5
Long Blades    | 2 4 6 7 8 9 |  9.3
Unarmed Combat | 8 |  8.5

Action                   |  1- 3 |  4- 6 |  7- 9 | 10-12 | 13-15 || total
-------------------------+-------+-------+-------+-------+-------++-------
Melee: Unarmed           |   102 |       |       |       |   308 ||   410
       Tailslap          |    10 |    16 |    36 |    85 |    72 ||   219
       Kick              |     5 |       |    67 |   199 |   154 ||   425
       Dagger            |    37 |   220 |   165 |       |       ||   422
       Headbutt          |     1 |     4 |       |       |       ||     5
       Punch             |     1 |       |       |       |     5 ||     6
       Scimitar          |       |       |   190 |   634 |   312 ||  1136
 Cast: Beastly Appendage |     6 |     3 |       |       |       ||     9
       Sticks to Snakes  |       |       |       |    22 |    19 ||    41
       Blade Hands       |       |       |       |       |    44 ||    44
 Abil: Breathe Frost     |       |       |     2 |    27 |    12 ||    41
Evoke: Wand              |       |     6 |     2 |    20 |     9 ||    37
  Use: Scroll            |       |     7 |    11 |    15 |    10 ||    43
       Potion            |       |     1 |    13 |    11 |     6 ||    31
 Stab: Sleeping          |     2 |     4 |     9 |     2 |     1 ||    18
       Confused          |       |     4 |     1 |     2 |     1 ||     8
       Distracted        |       |       |       |     3 |     1 ||     4
  Eat: Chunk             |     3 |     9 |    18 |    23 |    27 ||    80
       Beef jerky        |       |       |     1 |     1 |     2 ||     4
       Bread ration      |       |       |       |     1 |     1 ||     2
       Royal jelly       |       |       |       |     2 |       ||     2
       Meat ration       |       |       |       |     2 |     3 ||     5
       Fruit             |       |       |       |       |     3 ||     3
       Pizza             |       |       |       |       |     3 ||     3
Armor: Skin              |    49 |    90 |    61 |   109 |   117 ||   426
Dodge: Dodged            |   109 |   166 |   172 |   380 |   407 ||  1234
Block: Other             |       |    23 |       |       |    44 ||    67
       Buckler           |       |    26 |   127 |   341 |   168 ||   662
       Reflection        |       |       |     2 |     2 |    10 ||    14
       Rpst.: Scimitar   |       |       |    24 |   101 |    41 ||   166
